PITTSBURGH vs VANCOUVER

Created - April-04-21 at 10:31

Goals
1 2 3 T
PITTSBURGH 2 2 0 4
VANCOUVER 1 1 0 2
Shots
1 2 3 T
PITTSBURGH 12 11 13 36
VANCOUVER 4 9 5 18

1st period

1. PITTSBURGH , Nick Jensen 1 (Robert Thomas 12, Andrei Svechnikov 18) at 0:32
2. VANCOUVER , Nazem Kadri 6 (Ryan Ellis 31, Mark Stone 20) at 3:13
3. PITTSBURGH , Jack Eichel 23 (Vincent Hinostroza 15, Jonas Siegenthaler 12) at 6:36

Penalties :
Erik Johnson (VAN) for Roughing (Minor) at 14:39

2nd period

4. VANCOUVER , Zach Parise 13 (Hampus Lindholm 18, Nikolaj Ehlers 18) at 1:12
5. PITTSBURGH , Jonas Siegenthaler 2 (Andrei Svechnikov 19, Jordan Greenway 7) at 5:59
6. PITTSBURGH , Colton Sissons 5 (Jamie Oleksiak 4) at 6:28

Penalties :
TJ Brodie (VAN) for Cross-checking (Minor) at 1:19, Sami Vatanen (VAN) for Slashing (Minor) at 18:43

3rd period

No Goal

Penalties :
Luca Sbisa (VAN) for Tripping (Minor) at 2:27

Goalie Stats

Philipp Grubauer (PIT), 16 saves from 18 shots - (0.889), W, 8-11-5, 60:00 minutes
Petr Mrazek (VAN), 32 saves from 36 shots - (0.889), L, 18-23-4, 60:00 minutes

Players Stats for PITTSBURGH

Player Name              G  A  P  +/- PIM S  H  SB GA TA FO     MP     PP MP  PK MP  
------------------------------------------------------------------------------------
Andrei Svechnikov        0  2  2   1  0   2  2  0  0  0  0/1    19:18   3:26   0:00 
Brandon Tanev            0  0  0  -1  0   5  1  0  0  0  2/3    17:16   4:30   0:00 
Cale Makar               0  0  0   0  0   3  0  0  0  0  0/0     5:45   5:45   0:00 
Colton Sissons           1  0  1   1  0   2  1  0  0  0  7/8     5:41   0:00   0:00 
Derek Ryan               0  0  0  -1  0   2  0  1  0  0  11/22  17:16   4:30   0:00 
Jack Eichel              1  0  1   1  0   8  1  2  0  0  13/22  22:04   3:26   0:00 
Jamie Oleksiak           0  1  1   1  0   0  3  0  0  0  0/0    15:26   0:00   0:00 
Jonas Siegenthaler       1  1  2   2  0   2  2  1  0  0  0/0    19:04   0:00   0:00 
Jordan Greenway          0  1  1   1  0   1  2  0  0  0  1/2    17:59   3:00   0:00 
Jordan Oesterle          0  0  0   1  0   0  0  0  0  0  0/0    15:26   0:00   0:00 
Kris Russell             0  0  0   2  0   1  2  0  0  0  0/0    21:15   2:11   0:00 
Marcus Sorensen          0  0  0   0  0   0  0  0  0  0  0/0     0:00   0:00   0:00 
Nick Jensen              1  0  1  -1  0   1  1  0  0  0  0/0    17:34   0:00   0:00 
Pierre Engvall           0  0  0   1  0   0  0  0  0  0  0/1     9:18   4:30   0:00 
Robert Thomas            0  1  1   1  0   4  1  0  0  0  10/19  19:55   4:56   0:00 
Roman Polak              0  0  0  -1  0   0  3  0  0  0  0/0    17:34   0:00   0:00 
Sammy Blais              0  0  0  -1  0   1  3  0  0  0  0/0    12:46   0:00   0:00 
Teuvo Teravainen         0  0  0   1  0   0  0  0  0  0  2/4    22:04   3:26   0:00 
Trevor Lewis             0  0  0   1  0   1  0  0  0  0  0/0     5:41   0:00   0:00 
Vincent Hinostroza       0  1  1   1  0   3  2  0  0  0  1/2    18:38   0:00   0:00 

Players Stats for VANCOUVER

Player Name              G  A  P  +/- PIM S  H  SB GA TA FO     MP     PP MP  PK MP  
------------------------------------------------------------------------------------
Alex Steen               0  0  0   0  0   0  1  0  0  0  0/1     5:20   0:00   0:18 
Erik Johnson             0  0  0   0  2   0  3  3  0  0  0/0    23:36   0:00   3:45 
Hampus Lindholm          0  1  1   0  0   0  4  1  0  0  0/0    20:17   0:00   3:45 
Jakub Vrana              0  0  0  -2  0   2  0  0  0  0  1/2    14:17   0:00   0:00 
Jonathan Huberdeau       0  0  0   1  0   2  0  0  0  0  0/0    20:20   0:00   5:48 
Luca Sbisa               0  0  0  -2  2   1  2  0  0  0  0/0    17:00   0:00   1:21 
Mark Stone               0  1  1   1  0   1  1  0  0  0  5/25   25:04   0:00   5:30 
Melker Karlsson          0  0  0  -2  0   0  0  0  0  0  0/1    14:17   0:00   0:00 
Nazem Kadri              1  0  1   1  0   1  4  0  0  0  11/18  14:32   0:00   0:00 
Nick Schmaltz            0  0  0  -1  0   3  0  0  0  0  10/15  18:13   0:00   0:00 
Nikolaj Ehlers           0  1  1  -1  0   2  0  0  0  0  0/2    20:21   0:00   2:08 
Ryan Ellis               0  1  1   0  0   1  2  3  0  0  0/0    24:46   0:00   4:54 
Sami Vatanen             0  0  0   0  2   0  0  2  0  0  0/0    18:38   0:00   2:07 
Sheldon Dries            0  0  0  -2  0   0  3  0  0  0  8/18   14:17   0:00   0:00 
TJ Brodie                0  0  0  -2  2   0  0  3  0  0  0/0    15:39   0:00   0:00 
Trevor Moore             0  0  0   0  0   0  0  0  0  0  0/0     0:00   0:00   0:00 
Troy Brouwer             0  0  0   0  0   0  1  0  0  0  0/0     5:02   0:00   0:00 
Zach Parise              1  0  1  -1  0   5  0  0  0  0  2/2    20:21   0:00   2:08 

3 Stars

1 - Jonas Siegenthaler (PIT)
2 - Andrei Svechnikov (PIT)
3 - Jack Eichel (PIT)

Power Play

PITTSBURGH - 0 on 4 Attempt(s) - 0.00%
VANCOUVER - 0 on 0 Attempt(s) - 0.00%

Penalty Kill

PITTSBURGH - 0 on 0 Attempt(s) - 0.00% - Score 0 goal in Penalty Kill
VANCOUVER - 4 on 4 Attempt(s) - 100.00% - Score 0 goal in Penalty Kill

Team Stat

PITTSBURGH - Hits : 24 - Faceoff Wins : 47 - Blocked Shots : 4 - Penalty Minutes : 0
VANCOUVER - Hits : 21 - Faceoff Wins : 37 - Blocked Shots : 12 - Penalty Minutes : 8

Official

Referees : Brandon Blandina and Troy Paterson
Linesman : Shaun Young and Filip Stahl

Game Notes

No Game Note

Finance

Level 1 -- Attendance: 5653 (94.22%) -- Ticket Income $486,158
Level 2 -- Attendance: 5000 (100.00%) -- Ticket Income $280,000
Level 3 -- Attendance: 1981 (99.05%) -- Ticket Income $63,392
Level 4 -- Attendance: 4000 (100.00%) -- Ticket Income $76,000
Luxury Box -- Attendance: 945 (94.50%) -- Ticket Income $171,990
Game was played at the Rogers Arena.
Total Attendance: 17579 (97.66%)
Total Ticket Income: $1,077,540
Total Income: $1,077,540

PITTSBURGH

5 vs 5 Forward 
   Center                   Left Wing                Right Wing               Time % Phy DF OF 
 1 Jack Eichel              Vincent Hinostroza       Teuvo Teravainen         35     0   2  3  
 2 Robert Thomas            Jordan Greenway          Andrei Svechnikov        30     0   2  3  
 3 Derek Ryan               Sammy Blais              Brandon Tanev            25     0   2  3  
 4 Colton Sissons           Pierre Engvall           Trevor Lewis             10     0   2  3  

5 vs 5 Defense 
   Defense                  Defense                                           Time % Phy DF OF 
 1 Kris Russell             Jonas Siegenthaler                                35     0   3  2  
 2 Roman Polak              Nick Jensen                                       30     0   3  2  
 3 Jamie Oleksiak           Jordan Oesterle                                   25     0   3  2  
 4 Kris Russell             Jonas Siegenthaler                                10     0   3  2  

PowerPlay Forward 
   Center                   Left Wing                Right Wing               Time % Phy DF OF 
 1 Jack Eichel              Andrei Svechnikov        Teuvo Teravainen         70     0   1  4  
 2 Derek Ryan               Pierre Engvall           Brandon Tanev            30     0   1  4  

PowerPlay Defense
   Defense                  Defense                                           Time % Phy DF OF 
 1 Cale Makar               Robert Thomas                                     70     0   1  4  
 2 Cale Makar               Jordan Greenway                                   30     0   1  4  

Penalty Kill 4 Players Forward 
   Center                   Wing                     Time % Phy DF OF 
 1 Derek Ryan               Vincent Hinostroza       60     0   4  1  
 2 Colton Sissons           Brandon Tanev            40     0   4  1  

Penalty Kill 4 Players Defense
   Defense                  Defense                  Time % Phy DF OF 
 1 Jonas Siegenthaler       Kris Russell             60     0   4  1  
 2 Roman Polak              Nick Jensen              40     0   4  1  

Penalty Kill - 3 Players Forward 
   Forward                                           Time % Phy DF OF 
 1 Vincent Hinostroza                                60     0   5  0  
 2 Brandon Tanev                                     40     0   5  0  

Penalty Kill - 3 Players Defense
   Defense                  Defense                  Time % Phy DF OF 
 1 Jonas Siegenthaler       Kris Russell             60     0   5  0  
 2 Roman Polak              Nick Jensen              40     0   5  0  

4 vs 4 Forward 
   Center                   Wing                     Time % Phy DF OF 
 1 Jack Eichel              Teuvo Teravainen         60     0   2  3  
 2 Robert Thomas            Andrei Svechnikov        40     0   2  3  

4 vs 4 Defense
   Defense                  Defense                  Time % Phy DF OF 
 1 Jonas Siegenthaler       Kris Russell             60     0   3  2  
 2 Roman Polak              Cale Makar               40     0   3  2  

Last Minutes Offensive
   Center                   Left Wing                Right Wing               Defense                  Defense                  
   Jack Eichel              Andrei Svechnikov        Teuvo Teravainen         Cale Makar               Robert Thomas            

Last Minutes Defensive
   Center                   Left Wing                Right Wing               Defense                  Defense                  
   Derek Ryan               Brandon Tanev            Vincent Hinostroza       Jonas Siegenthaler       Kris Russell             

Goaltenders
Starting : Philipp Grubauer         
Backup : Jordan Binnington        

Extra Forwards
Normal : Jack Eichel, Teuvo Teravainen, Andrei Svechnikov - PP : Jack Eichel, Teuvo Teravainen - PK : Vincent Hinostroza
Extra Defensemen
Normal : Kris Russell, Jonas Siegenthaler, Cale Makar - PP : Cale Makar - PK : Kris Russell, Jonas Siegenthaler
Penalty Shots
Andrei Svechnikov, Vincent Hinostroza, Teuvo Teravainen, Derek Ryan, Jack Eichel

Scratches
PIT Cap Hit (Suspend), Pontus Aberg (Healthy)

VANCOUVER

5 vs 5 Forward 
   Center                   Left Wing                Right Wing               Time % Phy DF OF 
 1 Nazem Kadri              Jonathan Huberdeau       Mark Stone               35     1   2  2  
 2 Nick Schmaltz            Zach Parise              Nikolaj Ehlers           30     1   2  2  
 3 Sheldon Dries            Jakub Vrana              Melker Karlsson          25     1   2  2  
 4 Mark Stone               Alex Steen               Troy Brouwer             10     1   2  2  

5 vs 5 Defense 
   Defense                  Defense                                           Time % Phy DF OF 
 1 Ryan Ellis               Erik Johnson                                      35     1   2  2  
 2 Hampus Lindholm          Sami Vatanen                                      30     1   2  2  
 3 TJ Brodie                Luca Sbisa                                        25     1   2  2  
 4 Ryan Ellis               Erik Johnson                                      10     1   2  2  

PowerPlay Forward 
   Center                   Left Wing                Right Wing               Time % Phy DF OF 
 1 Nazem Kadri              Jonathan Huberdeau       Mark Stone               60     1   2  2  
 2 Nick Schmaltz            Zach Parise              Nikolaj Ehlers           40     1   2  2  

PowerPlay Defense
   Defense                  Defense                                           Time % Phy DF OF 
 1 Ryan Ellis               Erik Johnson                                      60     1   2  2  
 2 Hampus Lindholm          Sami Vatanen                                      40     1   2  2  

Penalty Kill 4 Players Forward 
   Center                   Wing                     Time % Phy DF OF 
 1 Mark Stone               Jonathan Huberdeau       60     1   2  2  
 2 Zach Parise              Nikolaj Ehlers           40     1   2  2  

Penalty Kill 4 Players Defense
   Defense                  Defense                  Time % Phy DF OF 
 1 Ryan Ellis               Erik Johnson             60     1   2  2  
 2 Hampus Lindholm          Sami Vatanen             40     1   2  2  

Penalty Kill - 3 Players Forward 
   Forward                                           Time % Phy DF OF 
 1 Mark Stone                                        60     1   2  2  
 2 Jonathan Huberdeau                                40     1   2  2  

Penalty Kill - 3 Players Defense
   Defense                  Defense                  Time % Phy DF OF 
 1 Ryan Ellis               Erik Johnson             60     1   2  2  
 2 Hampus Lindholm          Sami Vatanen             40     1   2  2  

4 vs 4 Forward 
   Center                   Wing                     Time % Phy DF OF 
 1 Mark Stone               Jonathan Huberdeau       60     1   2  2  
 2 Zach Parise              Nikolaj Ehlers           40     1   2  2  

4 vs 4 Defense
   Defense                  Defense                  Time % Phy DF OF 
 1 Ryan Ellis               Erik Johnson             60     1   2  2  
 2 Hampus Lindholm          Sami Vatanen             40     1   2  2  

Last Minutes Offensive
   Center                   Left Wing                Right Wing               Defense                  Defense                  
   Nazem Kadri              Jonathan Huberdeau       Mark Stone               Ryan Ellis               Erik Johnson             

Last Minutes Defensive
   Center                   Left Wing                Right Wing               Defense                  Defense                  
   Nazem Kadri              Jonathan Huberdeau       Mark Stone               Ryan Ellis               Erik Johnson             

Goaltenders
Starting : Petr Mrazek              
Backup : Hunter Miska             

Extra Forwards
Normal : Trevor Moore, Jakub Vrana, Alex Steen - PP : Trevor Moore, Jakub Vrana - PK : Alex Steen
Extra Defensemen
Normal : TJ Brodie, Luca Sbisa, Hampus Lindholm - PP : TJ Brodie - PK : Luca Sbisa, Hampus Lindholm
Penalty Shots
Mark Stone, Jonathan Huberdeau, Zach Parise, Nikolaj Ehlers, Jakub Vrana

Scratches
None


% Time on Ice - PITTSBURGH

Lines # - Real PCT - Wanted PCT - Time Play
Normal Forward
1 - 36% - 35% - 18:38
2 - 29% - 30% - 14:59
3 - 25% - 25% - 12:46
4 - 11% - 10% - 5:41
Normal Defense
1 - 33% - 35% - 17:16
2 - 34% - 30% - 17:34
3 - 30% - 25% - 15:26
4 - 3% - 10% - 1:48
PP Forward
1 - 43% - 70% - 3:26
2 - 57% - 30% - 4:30
PP Defense
1 - 62% - 70% - 4:56
2 - 38% - 30% - 3:00
PK Forward
1 - 0% - 60%
2 - 0% - 40%
PK Defense
1 - 0% - 60%
2 - 0% - 40%
PK3 Forward
1 - 0% - 60%
2 - 0% - 40%
PK3 Defense
1 - 0% - 60%
2 - 0% - 40%
44 Forward
1 - 0% - 60%
2 - 0% - 40%
44 Defense
1 - 0% - 60%
2 - 0% - 40%
Last Minute Offensive  - 0:00
Last Minute Defensive  - 0:00
Total
Forward - 60:00
Defense - 60:00

% Time on Ice - VANCOUVER

Lines # - Real PCT - Wanted PCT - Time Play
Normal Forward
1 - 28% - 35% - 14:32
2 - 35% - 30% - 18:13
3 - 27% - 25% - 14:17
4 - 10% - 10% - 5:02
Normal Defense
1 - 33% - 35% - 17:17
2 - 32% - 30% - 16:32
3 - 30% - 25% - 15:40
4 - 5% - 10% - 2:35
PP Forward
1 - 0% - 60%
2 - 0% - 40%
PP Defense
1 - 0% - 60%
2 - 0% - 40%
PK Forward
1 - 73% - 60% - 5:48
2 - 27% - 40% - 2:08
PK Defense
1 - 62% - 60% - 4:54
2 - 38% - 40% - 3:02
PK3 Forward
1 - 0% - 60%
2 - 0% - 40%
PK3 Defense
1 - 0% - 60%
2 - 0% - 40%
44 Forward
1 - 0% - 60%
2 - 0% - 40%
44 Defense
1 - 0% - 60%
2 - 0% - 40%
Last Minute Offensive  - 0:00
Last Minute Defensive  - 0:00
Total
Forward - 60:00
Defense - 60:00

Play-by-Play

1st period


0:01 of 1st period - Jack Eichel wins face-off versus Nazem Kadri in neutral zone.
0:12 of 1st period - Shot by Jack Eichel.
0:12 of 1st period - Stopped by Petr Mrazek without a rebound.
0:13 of 1st period - Nick Schmaltz wins face-off versus Robert Thomas in VANCOUVER zone.
0:30 of 1st period - Shot by Robert Thomas.
0:30 of 1st period - Shot Blocked by Sami Vatanen.
0:32 of 1st period - Shot by Nick Jensen.
0:32 of 1st period - Goal by Nick Jensen - PITTSBURGH : 1 - VANCOUVER : 0.
0:33 of 1st period - Sheldon Dries wins face-off versus Derek Ryan in neutral zone.
0:41 of 1st period - Off-side.
0:42 of 1st period - Colton Sissons wins face-off versus Mark Stone in neutral zone.
1:03 of 1st period - Shot by Colton Sissons.
1:03 of 1st period - Deflect By Trevor Lewis.
1:03 of 1st period - Shot Misses the Net.
1:15 of 1st period - Jonas Siegenthaler is hit by Alex Steen.
2:47 of 1st period - Shot by Nikolaj Ehlers.
2:47 of 1st period - Shot Misses the Net.
2:49 of 1st period - Shot by Nick Schmaltz.
2:49 of 1st period - Deflect By Zach Parise.
2:49 of 1st period - Stopped by Philipp Grubauer without a rebound.
2:50 of 1st period - Derek Ryan wins face-off versus Mark Stone in PITTSBURGH zone.
3:09 of 1st period - Shot by Mark Stone.
3:09 of 1st period - Shot Misses the Net.
3:11 of 1st period - Shot by Ryan Ellis.
3:11 of 1st period - Shot Misses the Net.
3:13 of 1st period - Shot by Nazem Kadri.
3:13 of 1st period - Goal by Nazem Kadri - PITTSBURGH : 1 - VANCOUVER : 1.
3:14 of 1st period - Nick Schmaltz wins face-off versus Robert Thomas in neutral zone.
3:19 of 1st period - Shot by Zach Parise.
3:19 of 1st period - Stopped by Philipp Grubauer without a rebound.
3:20 of 1st period - Robert Thomas wins face-off versus Sheldon Dries in PITTSBURGH zone.
3:40 of 1st period - Erik Johnson is hit by Kris Russell and loses puck.
3:47 of 1st period - Shot by Robert Thomas.
3:47 of 1st period - Stopped by Petr Mrazek without a rebound.
3:48 of 1st period - Nazem Kadri wins face-off versus Derek Ryan in VANCOUVER zone.
3:56 of 1st period - Sami Vatanen is hit by Nick Jensen and loses puck.
4:39 of 1st period - Hampus Lindholm is hit by Jonas Siegenthaler and loses puck.
4:49 of 1st period - Off-side.
4:50 of 1st period - Nick Schmaltz wins face-off versus Robert Thomas in neutral zone.
6:26 of 1st period - Melker Karlsson is hit by Jack Eichel.
6:36 of 1st period - Shot by Jack Eichel.
6:36 of 1st period - Goal by Jack Eichel - PITTSBURGH : 2 - VANCOUVER : 1.
6:37 of 1st period - Nazem Kadri wins face-off versus Derek Ryan in neutral zone.
6:48 of 1st period - Nazem Kadri is hit by Sammy Blais and loses puck.
7:01 of 1st period - Shot by Derek Ryan.
7:01 of 1st period - Shot Misses the Net.
7:06 of 1st period - Brandon Tanev is hit by Hampus Lindholm and loses puck.
7:13 of 1st period - Shot by Brandon Tanev.
7:13 of 1st period - Stopped by Petr Mrazek without a rebound.
7:14 of 1st period - Colton Sissons wins face-off versus Nick Schmaltz in VANCOUVER zone.
7:15 of 1st period - Shot by Pierre Engvall.
7:15 of 1st period - Shot Misses the Net.
7:17 of 1st period - Shot by Kris Russell.
7:17 of 1st period - Shot Misses the Net.
7:30 of 1st period - Zach Parise is hit by Colton Sissons and loses puck.
8:17 of 1st period - Shot by Teuvo Teravainen.
8:17 of 1st period - Shot Blocked by TJ Brodie.
8:19 of 1st period - Shot by Jack Eichel.
8:19 of 1st period - Stopped by Petr Mrazek without a rebound.
8:20 of 1st period - Robert Thomas wins face-off versus Melker Karlsson in VANCOUVER zone.
8:24 of 1st period - Icing by Hampus Lindholm.
8:25 of 1st period - Jack Eichel wins face-off versus Sheldon Dries in VANCOUVER zone.
8:39 of 1st period - Icing by Nick Jensen.
8:40 of 1st period - Jack Eichel wins face-off versus Nazem Kadri in PITTSBURGH zone.
8:40 of 1st period - Jack Eichel is hit by Nazem Kadri.
9:09 of 1st period - Icing by Nazem Kadri.
9:10 of 1st period - Nazem Kadri wins face-off versus Robert Thomas in VANCOUVER zone.
9:10 of 1st period - Nazem Kadri is hit by Andrei Svechnikov.
9:34 of 1st period - Shot by Andrei Svechnikov.
9:34 of 1st period - Shot Misses the Net.
10:14 of 1st period - Shot by Sammy Blais.
10:14 of 1st period - Deflect By Derek Ryan.
10:14 of 1st period - Stopped by Petr Mrazek without a rebound.
10:15 of 1st period - Teuvo Teravainen wins face-off versus Sheldon Dries in VANCOUVER zone.
10:24 of 1st period - Shot by Teuvo Teravainen.
10:24 of 1st period - Shot Misses the Net.
10:54 of 1st period - Jakub Vrana is hit by Roman Polak.
11:26 of 1st period - Shot by Derek Ryan.
11:26 of 1st period - Stopped by Petr Mrazek without a rebound.
11:27 of 1st period - Nazem Kadri wins face-off versus Robert Thomas in VANCOUVER zone.
11:51 of 1st period - Icing by Jonas Siegenthaler.
11:52 of 1st period - Robert Thomas wins face-off versus Nick Schmaltz in PITTSBURGH zone.
11:52 of 1st period - Robert Thomas is hit by Hampus Lindholm.
13:13 of 1st period - Sammy Blais is hit by Mark Stone.
13:28 of 1st period - Icing by Roman Polak.
13:29 of 1st period - Derek Ryan wins face-off versus Sheldon Dries in PITTSBURGH zone.
14:12 of 1st period - Shot by Vincent Hinostroza.
14:12 of 1st period - Stopped by Petr Mrazek with a rebound.
14:20 of 1st period - Melker Karlsson is hit by Jamie Oleksiak and loses puck.
14:32 of 1st period - Off-side.
14:33 of 1st period - Colton Sissons wins face-off versus Mark Stone in neutral zone.
14:39 of 1st period - Minor Penalty to Erik Johnson for Roughing.
14:40 of 1st period - Mark Stone wins face-off versus Brandon Tanev in VANCOUVER zone.
14:40 of 1st period - Mark Stone is hit by Brandon Tanev.
15:28 of 1st period - Shot by Jack Eichel.
15:28 of 1st period - Stopped by Petr Mrazek without a rebound.
15:29 of 1st period - Mark Stone wins face-off versus Jack Eichel in VANCOUVER zone.
16:44 of 1st period - Icing by Nick Jensen.
16:45 of 1st period - Colton Sissons wins face-off versus Sheldon Dries in PITTSBURGH zone.
16:45 of 1st period - Colton Sissons is hit by Sheldon Dries.
17:17 of 1st period - Shot by Jakub Vrana.
17:17 of 1st period - Stopped by Philipp Grubauer without a rebound.
17:18 of 1st period - Jack Eichel wins face-off versus Nick Schmaltz in PITTSBURGH zone.
17:24 of 1st period - Off-side.
17:25 of 1st period - Nazem Kadri wins face-off versus Jack Eichel in neutral zone.
17:48 of 1st period - Shot by Jack Eichel.
17:48 of 1st period - Stopped by Petr Mrazek with a rebound.
17:50 of 1st period - Shot by Jonas Siegenthaler.
17:50 of 1st period - Stopped by Petr Mrazek without a rebound.
17:51 of 1st period - Nick Schmaltz wins face-off versus Derek Ryan in VANCOUVER zone.
19:26 of 1st period - Icing by Jamie Oleksiak.
19:27 of 1st period - Derek Ryan wins face-off versus Sheldon Dries in PITTSBURGH zone.
19:43 of 1st period - Jakub Vrana is hit by Jamie Oleksiak and loses puck.
Goals for this period are 2 for PITTSBURGH vs 1 for VANCOUVER.
Shots for this period are 12 for PITTSBURGH vs 4 for VANCOUVER.

2nd period


0:01 of 2nd period - Nazem Kadri wins face-off versus Jack Eichel in neutral zone.
0:04 of 2nd period - Shot by Jonathan Huberdeau.
0:04 of 2nd period - Shot Blocked by Jack Eichel.
0:09 of 2nd period - Vincent Hinostroza is hit by Nazem Kadri and loses puck.
0:21 of 2nd period - Teuvo Teravainen is hit by Erik Johnson.
0:24 of 2nd period - Jack Eichel is hit by Ryan Ellis.
1:12 of 2nd period - Shot by Zach Parise.
1:12 of 2nd period - Goal by Zach Parise - PITTSBURGH : 2 - VANCOUVER : 2.
1:13 of 2nd period - Brandon Tanev wins face-off versus Sheldon Dries in neutral zone.
1:19 of 2nd period - Minor Penalty to TJ Brodie for Cross-checking.
1:20 of 2nd period - Derek Ryan wins face-off versus Mark Stone in VANCOUVER zone.
1:21 of 2nd period - Shot by Cale Makar.
1:21 of 2nd period - Shot Blocked by Hampus Lindholm.
1:23 of 2nd period - Shot by Derek Ryan.
1:23 of 2nd period - Shot Misses the Net.
1:25 of 2nd period - Shot by Robert Thomas.
1:25 of 2nd period - Stopped by Petr Mrazek without a rebound.
1:26 of 2nd period - Derek Ryan wins face-off versus Mark Stone in VANCOUVER zone.
1:27 of 2nd period - Shot by Cale Makar.
1:27 of 2nd period - Stopped by Petr Mrazek without a rebound.
1:28 of 2nd period - Derek Ryan wins face-off versus Mark Stone in VANCOUVER zone.
1:30 of 2nd period - Pierre Engvall is hit by Erik Johnson.
1:54 of 2nd period - Shot by Robert Thomas.
1:54 of 2nd period - Stopped by Petr Mrazek without a rebound.
1:55 of 2nd period - Jack Eichel wins face-off versus Mark Stone in VANCOUVER zone.
1:56 of 2nd period - Shot by Andrei Svechnikov.
1:56 of 2nd period - Stopped by Petr Mrazek without a rebound.
1:57 of 2nd period - Mark Stone wins face-off versus Jack Eichel in VANCOUVER zone.
3:22 of 2nd period - Off-side.
3:23 of 2nd period - Sheldon Dries wins face-off versus Jack Eichel in neutral zone.
3:29 of 2nd period - Icing by Nick Jensen.
3:30 of 2nd period - Sheldon Dries wins face-off versus Vincent Hinostroza in PITTSBURGH zone.
3:55 of 2nd period - Shot by Jack Eichel.
3:55 of 2nd period - Shot Misses the Net.
4:24 of 2nd period - Zach Parise is hit by Roman Polak.
4:48 of 2nd period - Shot by Nikolaj Ehlers.
4:48 of 2nd period - Stopped by Philipp Grubauer without a rebound.
4:49 of 2nd period - Robert Thomas wins face-off versus Nazem Kadri in PITTSBURGH zone.
4:54 of 2nd period - Jonathan Huberdeau is hit by Jordan Greenway and loses puck.
5:00 of 2nd period - Icing by Jonathan Huberdeau.
5:01 of 2nd period - Nazem Kadri wins face-off versus Derek Ryan in VANCOUVER zone.
5:27 of 2nd period - Shot by Jonathan Huberdeau.
5:27 of 2nd period - Deflect By Mark Stone.
5:27 of 2nd period - Shot Blocked by Derek Ryan.
5:29 of 2nd period - Shot by Mark Stone.
5:29 of 2nd period - Stopped by Philipp Grubauer without a rebound.
5:30 of 2nd period - Nick Schmaltz wins face-off versus Robert Thomas in PITTSBURGH zone.
5:33 of 2nd period - Shot by Nick Schmaltz.
5:33 of 2nd period - Shot Misses the Net.
5:55 of 2nd period - Shot by Jordan Greenway.
5:55 of 2nd period - Shot Blocked by Erik Johnson.
5:57 of 2nd period - Shot by Jordan Greenway.
5:57 of 2nd period - Deflect By Andrei Svechnikov.
5:57 of 2nd period - Shot Blocked by Ryan Ellis.
5:59 of 2nd period - Shot by Jonas Siegenthaler.
5:59 of 2nd period - Goal by Jonas Siegenthaler - PITTSBURGH : 3 - VANCOUVER : 2.
6:00 of 2nd period - Colton Sissons wins face-off versus Mark Stone in neutral zone.
6:15 of 2nd period - Icing by Jamie Oleksiak.
6:16 of 2nd period - Sheldon Dries wins face-off versus Pierre Engvall in PITTSBURGH zone.
6:16 of 2nd period - Sheldon Dries is hit by Jamie Oleksiak.
6:28 of 2nd period - Shot by Colton Sissons.
6:28 of 2nd period - Goal by Colton Sissons - PITTSBURGH : 4 - VANCOUVER : 2.
6:29 of 2nd period - Robert Thomas wins face-off versus Nazem Kadri in neutral zone.
6:50 of 2nd period - Icing by Erik Johnson.
6:51 of 2nd period - Teuvo Teravainen wins face-off versus Nazem Kadri in VANCOUVER zone.
6:58 of 2nd period - Shot by Vincent Hinostroza.
6:58 of 2nd period - Stopped by Petr Mrazek without a rebound.
6:59 of 2nd period - Jack Eichel wins face-off versus Nikolaj Ehlers in VANCOUVER zone.
7:48 of 2nd period - Icing by Teuvo Teravainen.
7:49 of 2nd period - Jack Eichel wins face-off versus Nazem Kadri in PITTSBURGH zone.
7:57 of 2nd period - Icing by Teuvo Teravainen.
7:58 of 2nd period - Vincent Hinostroza wins face-off versus Mark Stone in PITTSBURGH zone.
8:16 of 2nd period - Icing by Mark Stone.
8:17 of 2nd period - Derek Ryan wins face-off versus Mark Stone in VANCOUVER zone.
8:38 of 2nd period - Shot by Brandon Tanev.
8:38 of 2nd period - Stopped by Petr Mrazek without a rebound.
8:39 of 2nd period - Robert Thomas wins face-off versus Nick Schmaltz in VANCOUVER zone.
8:53 of 2nd period - Icing by Luca Sbisa.
8:54 of 2nd period - Nick Schmaltz wins face-off versus Colton Sissons in VANCOUVER zone.
9:15 of 2nd period - Shot by Nikolaj Ehlers.
9:15 of 2nd period - Deflect By Zach Parise.
9:15 of 2nd period - Stopped by Philipp Grubauer with a rebound.
9:17 of 2nd period - Shot by Nick Schmaltz.
9:17 of 2nd period - Stopped by Philipp Grubauer without a rebound.
9:18 of 2nd period - Robert Thomas wins face-off versus Mark Stone in PITTSBURGH zone.
9:57 of 2nd period - Jordan Greenway is hit by Nazem Kadri and loses puck.
10:15 of 2nd period - Off-side.
10:16 of 2nd period - Nick Schmaltz wins face-off versus Jack Eichel in neutral zone.
10:18 of 2nd period - Sami Vatanen is hit by Vincent Hinostroza and loses puck.
10:34 of 2nd period - Shot by Zach Parise.
10:34 of 2nd period - Shot Misses the Net.
10:36 of 2nd period - Shot by Nikolaj Ehlers.
10:36 of 2nd period - Shot Blocked by Jonas Siegenthaler.
10:38 of 2nd period - Shot by Nikolaj Ehlers.
10:38 of 2nd period - Shot Misses the Net.
10:40 of 2nd period - Shot by Nikolaj Ehlers.
10:40 of 2nd period - Shot Misses the Net.
10:46 of 2nd period - Shot by Nick Schmaltz.
10:46 of 2nd period - Shot Blocked by Jack Eichel.
11:32 of 2nd period - Shot by Jakub Vrana.
11:32 of 2nd period - Stopped by Philipp Grubauer without a rebound.
11:33 of 2nd period - Colton Sissons wins face-off versus Mark Stone in PITTSBURGH zone.
11:53 of 2nd period - Colton Sissons is hit by Ryan Ellis and loses puck.
12:02 of 2nd period - Shot by Colton Sissons.
12:02 of 2nd period - Shot Misses the Net.
12:27 of 2nd period - Ryan Ellis is hit by Robert Thomas and loses puck.
12:42 of 2nd period - Shot by Andrei Svechnikov.
12:42 of 2nd period - Stopped by Petr Mrazek without a rebound.
12:43 of 2nd period - Jack Eichel wins face-off versus Nick Schmaltz in VANCOUVER zone.
12:45 of 2nd period - Vincent Hinostroza is hit by Hampus Lindholm and loses puck.
13:15 of 2nd period - Icing by Kris Russell.
13:16 of 2nd period - Jack Eichel wins face-off versus Jakub Vrana in PITTSBURGH zone.
13:16 of 2nd period - Jack Eichel is hit by Sheldon Dries.
13:31 of 2nd period - Icing by Jakub Vrana.
13:32 of 2nd period - Sheldon Dries wins face-off versus Robert Thomas in VANCOUVER zone.
13:41 of 2nd period - Shot by Melker Karlsson.
13:41 of 2nd period - Shot Misses the Net.
13:50 of 2nd period - Icing by Robert Thomas.
13:51 of 2nd period - Jordan Greenway wins face-off versus Nazem Kadri in PITTSBURGH zone.
13:51 of 2nd period - Jordan Oesterle is hit by Nazem Kadri and loses puck.
14:21 of 2nd period - Shot by Jonathan Huberdeau.
14:21 of 2nd period - Stopped by Philipp Grubauer without a rebound.
14:22 of 2nd period - Nick Schmaltz wins face-off versus Derek Ryan in PITTSBURGH zone.
14:45 of 2nd period - Shot by Brandon Tanev.
14:45 of 2nd period - Shot Misses the Net.
14:47 of 2nd period - Shot by Brandon Tanev.
14:47 of 2nd period - Stopped by Petr Mrazek with a rebound.
14:49 of 2nd period - Shot by Kris Russell.
14:49 of 2nd period - Stopped by Petr Mrazek without a rebound.
14:50 of 2nd period - Jakub Vrana wins face-off versus Jack Eichel in VANCOUVER zone.
15:15 of 2nd period - Shot by Jack Eichel.
15:15 of 2nd period - Shot Blocked by Ryan Ellis.
15:27 of 2nd period - Shot by Jack Eichel.
15:27 of 2nd period - Shot Misses the Net.
16:36 of 2nd period - Icing by Hampus Lindholm.
16:37 of 2nd period - Nazem Kadri wins face-off versus Derek Ryan in VANCOUVER zone.
17:05 of 2nd period - Shot by Zach Parise.
17:05 of 2nd period - Stopped by Philipp Grubauer without a rebound.
17:06 of 2nd period - Sheldon Dries wins face-off versus Jack Eichel in PITTSBURGH zone.
17:29 of 2nd period - Jakub Vrana is hit by Roman Polak and loses puck.
18:07 of 2nd period - Shot by Nikolaj Ehlers.
18:07 of 2nd period - Stopped by Philipp Grubauer without a rebound.
18:08 of 2nd period - Robert Thomas wins face-off versus Mark Stone in PITTSBURGH zone.
18:10 of 2nd period - Jordan Greenway is hit by Troy Brouwer and loses puck.
18:14 of 2nd period - Kris Russell is hit by Hampus Lindholm and loses puck.
18:41 of 2nd period - Alex Steen is hit by Jordan Greenway and loses puck.
18:43 of 2nd period - Minor Penalty to Sami Vatanen for Slashing.
18:44 of 2nd period - Derek Ryan wins face-off versus Mark Stone in VANCOUVER zone.
19:10 of 2nd period - Shot by Pierre Engvall.
19:10 of 2nd period - Shot Blocked by Ryan Ellis.
19:34 of 2nd period - Luca Sbisa is hit by Andrei Svechnikov and loses puck.
Goals for this period are 2 for PITTSBURGH vs 1 for VANCOUVER.
Shots for this period are 11 for PITTSBURGH vs 9 for VANCOUVER.

3rd period


0:01 of 3rd period - Jack Eichel wins face-off versus Mark Stone in neutral zone.
0:03 of 3rd period - Cale Makar is hit by Erik Johnson and loses puck.
0:06 of 3rd period - Shot by Cale Makar.
0:06 of 3rd period - Stopped by Petr Mrazek without a rebound.
0:07 of 3rd period - Mark Stone wins face-off versus Andrei Svechnikov in VANCOUVER zone.
0:22 of 3rd period - Shot by Jack Eichel.
0:22 of 3rd period - Shot Misses the Net.
0:24 of 3rd period - Shot by Robert Thomas.
0:24 of 3rd period - Stopped by Petr Mrazek without a rebound.
0:25 of 3rd period - Derek Ryan wins face-off versus Mark Stone in VANCOUVER zone.
1:52 of 3rd period - Ryan Ellis is hit by Sammy Blais and loses puck.
2:00 of 3rd period - Icing by Jordan Oesterle.
2:01 of 3rd period - Nazem Kadri wins face-off versus Derek Ryan in PITTSBURGH zone.
2:02 of 3rd period - Shot by Jonathan Huberdeau.
2:02 of 3rd period - Shot Misses the Net.
2:04 of 3rd period - Shot by Mark Stone.
2:04 of 3rd period - Shot Misses the Net.
2:06 of 3rd period - Shot by Luca Sbisa.
2:06 of 3rd period - Stopped by Philipp Grubauer without a rebound.
2:07 of 3rd period - Nazem Kadri wins face-off versus Jordan Greenway in PITTSBURGH zone.
2:27 of 3rd period - Minor Penalty to Luca Sbisa for Tripping.
2:28 of 3rd period - Derek Ryan wins face-off versus Mark Stone in VANCOUVER zone.
2:35 of 3rd period - Shot by Robert Thomas.
2:35 of 3rd period - Shot Blocked by Erik Johnson.
2:37 of 3rd period - Shot by Brandon Tanev.
2:37 of 3rd period - Stopped by Petr Mrazek without a rebound.
2:38 of 3rd period - Jack Eichel wins face-off versus Mark Stone in VANCOUVER zone.
2:39 of 3rd period - Shot by Cale Makar.
2:39 of 3rd period - Shot Misses the Net.
2:41 of 3rd period - Shot by Jack Eichel.
2:41 of 3rd period - Stopped by Petr Mrazek without a rebound.
2:42 of 3rd period - Jack Eichel wins face-off versus Mark Stone in VANCOUVER zone.
2:47 of 3rd period - Shot by Cale Makar.
2:47 of 3rd period - Shot Misses the Net.
2:49 of 3rd period - Shot by Jack Eichel.
2:49 of 3rd period - Stopped by Petr Mrazek without a rebound.
2:50 of 3rd period - Jack Eichel wins face-off versus Mark Stone in VANCOUVER zone.
3:05 of 3rd period - Shot by Robert Thomas.
3:05 of 3rd period - Shot Misses the Net.
3:07 of 3rd period - Shot by Cale Makar.
3:07 of 3rd period - Stopped by Petr Mrazek without a rebound.
3:08 of 3rd period - Mark Stone wins face-off versus Derek Ryan in VANCOUVER zone.
4:01 of 3rd period - Off-side.
4:02 of 3rd period - Zach Parise wins face-off versus Teuvo Teravainen in neutral zone.
4:33 of 3rd period - Shot by Jack Eichel.
4:33 of 3rd period - Shot Misses the Net.
4:36 of 3rd period - Icing by Zach Parise.
4:37 of 3rd period - Nick Schmaltz wins face-off versus Teuvo Teravainen in VANCOUVER zone.
5:06 of 3rd period - Shot by Nick Schmaltz.
5:06 of 3rd period - Stopped by Philipp Grubauer without a rebound.
5:07 of 3rd period - Brandon Tanev wins face-off versus Sheldon Dries in PITTSBURGH zone.
5:07 of 3rd period - Brandon Tanev is hit by Sheldon Dries.
5:34 of 3rd period - Icing by Jakub Vrana.
5:35 of 3rd period - Sheldon Dries wins face-off versus Robert Thomas in VANCOUVER zone.
7:27 of 3rd period - Zach Parise is hit by Jonas Siegenthaler and loses puck.
8:02 of 3rd period - Shot by Jakub Vrana.
8:02 of 3rd period - Shot Misses the Net.
8:41 of 3rd period - Shot by Pierre Engvall.
8:41 of 3rd period - Shot Blocked by TJ Brodie.
8:43 of 3rd period - Shot by Trevor Lewis.
8:43 of 3rd period - Shot Misses the Net.
9:37 of 3rd period - Shot by Andrei Svechnikov.
9:37 of 3rd period - Shot Blocked by Sami Vatanen.
9:41 of 3rd period - Shot by Jordan Greenway.
9:41 of 3rd period - Stopped by Petr Mrazek with a rebound.
9:43 of 3rd period - Shot by Jordan Oesterle.
9:43 of 3rd period - Shot Misses the Net.
10:44 of 3rd period - Shot by Vincent Hinostroza.
10:44 of 3rd period - Shot Misses the Net.
10:46 of 3rd period - Shot by Vincent Hinostroza.
10:46 of 3rd period - Stopped by Petr Mrazek with a rebound.
10:48 of 3rd period - Shot by Teuvo Teravainen.
10:48 of 3rd period - Shot Misses the Net.
10:54 of 3rd period - Shot by Teuvo Teravainen.
10:54 of 3rd period - Shot Misses the Net.
10:56 of 3rd period - Shot by Jonas Siegenthaler.
10:56 of 3rd period - Shot Misses the Net.
11:28 of 3rd period - Shot by Trevor Lewis.
11:28 of 3rd period - Stopped by Petr Mrazek without a rebound.
11:29 of 3rd period - Derek Ryan wins face-off versus Sheldon Dries in VANCOUVER zone.
11:43 of 3rd period - Icing by Derek Ryan.
11:44 of 3rd period - Sheldon Dries wins face-off versus Derek Ryan in PITTSBURGH zone.
12:11 of 3rd period - Off-side.
12:12 of 3rd period - Zach Parise wins face-off versus Jack Eichel in neutral zone.
12:46 of 3rd period - Shot by Jack Eichel.
12:46 of 3rd period - Stopped by Petr Mrazek without a rebound.
12:47 of 3rd period - Robert Thomas wins face-off versus Sheldon Dries in VANCOUVER zone.
13:34 of 3rd period - Shot by Sammy Blais.
13:34 of 3rd period - Shot Blocked by Erik Johnson.
13:36 of 3rd period - Shot by Roman Polak.
13:36 of 3rd period - Shot Misses the Net.
13:38 of 3rd period - Shot by Sammy Blais.
13:38 of 3rd period - Stopped by Petr Mrazek with a rebound.
14:49 of 3rd period - Shot by Zach Parise.
14:49 of 3rd period - Shot Misses the Net.
14:55 of 3rd period - Shot by Nikolaj Ehlers.
14:55 of 3rd period - Shot Hit the Post.
14:57 of 3rd period - Shot by Nick Schmaltz.
14:57 of 3rd period - Stopped by Philipp Grubauer without a rebound.
14:58 of 3rd period - Robert Thomas wins face-off versus Alex Steen in PITTSBURGH zone.
15:20 of 3rd period - Alex Steen is hit by Kris Russell and loses puck.
15:39 of 3rd period - Shot by Ryan Ellis.
15:39 of 3rd period - Stopped by Philipp Grubauer with a rebound.
16:29 of 3rd period - Shot by Brandon Tanev.
16:29 of 3rd period - Stopped by Petr Mrazek with a rebound.
17:09 of 3rd period - Mark Stone is hit by Vincent Hinostroza.
17:15 of 3rd period - Shot by Jonathan Huberdeau.
17:15 of 3rd period - Stopped by Philipp Grubauer without a rebound.
17:16 of 3rd period - Colton Sissons wins face-off versus Nikolaj Ehlers in PITTSBURGH zone.
17:25 of 3rd period - Shot by Colton Sissons.
17:25 of 3rd period - Stopped by Petr Mrazek without a rebound.
17:26 of 3rd period - Nazem Kadri wins face-off versus Robert Thomas in VANCOUVER zone.
17:33 of 3rd period - Off-side.
17:34 of 3rd period - Nick Schmaltz wins face-off versus Derek Ryan in neutral zone.
17:34 of 3rd period - Zach Parise is hit by Sammy Blais.
17:47 of 3rd period - Sammy Blais is hit by Luca Sbisa and loses puck.
17:55 of 3rd period - Derek Ryan is hit by Luca Sbisa and loses puck.
18:42 of 3rd period - Shot by Andrei Svechnikov.
18:42 of 3rd period - Shot Blocked by TJ Brodie.
18:44 of 3rd period - Shot by Roman Polak.
18:44 of 3rd period - Shot Misses the Net.
18:54 of 3rd period - Shot by Jordan Greenway.
18:54 of 3rd period - Shot Misses the Net.
19:06 of 3rd period - Shot by Jamie Oleksiak.
19:06 of 3rd period - Shot Misses the Net.
Goals for this period are 0 for PITTSBURGH vs 0 for VANCOUVER.
Shots for this period are 13 for PITTSBURGH vs 5 for VANCOUVER.